[Event "FICS rated blitz game"]
[Site "FICS freechess.org"]
[FICSGamesDBGameNo "20003006"]
[White "ARDA"]
[Black "frengo"]
[WhiteElo "1708"]
[BlackElo "1932"]
[WhiteRD "na"]
[BlackRD "na"]
[TimeControl "180+0"]
[Date "1999.10.24"]
[Time "17:22:00"]
[WhiteClock "0:03:00.000"]
[BlackClock "0:03:00.000"]
[ECO "A15"]
[PlyCount "107"]
[Result "1-0"]

1. c4 Nf6 2. e3 g6 3. Nf3 Bg7 4. Nc3 O-O 5. b3 b6 6. Bb2 Bb7 7. d4 d5 8. cxd5 Nxd5 9. Nxd5 Bxd5 10. Be2 c5 11. O-O Nc6 12. dxc5 Bxb2 13. Rb1 Bg7 14. cxb6 axb6 15. a4 Be6 16. Qc2 Nb4 17. Qe4 Na6 18. Ng5 Nc5 19. Qh4 h6 20. Nxe6 Nxe6 21. Bc4 Nc5 22. Rfd1 Qc7 23. Rdc1 Rad8 24. b4 Qe5 25. bxc5 bxc5 26. Qg3 Qxg3 27. hxg3 Rd2 28. Rd1 Rfd8 29. Rxd2 Rxd2 30. Rb8+ Bf8 31. a5 Rc2 32. Bf1 Ra2 33. a6 Kg7 34. Rb7 e5 35. g4 Bd6 36. g3 e4 37. Bb5 Ra1+ 38. Kg2 Ra5 39. Bc4 h5 40. a7 Kh6 41. Rxf7 Ra4 42. Bd5 Ra5 43. a8=Q Rxa8 44. Bxa8 Be5 45. Bxe4 Bg7 46. Rc7 c4 47. Rxc4 Be5 48. Rc6 hxg4 49. Rxg6+ Kh5 50. f3 Bxg3 51. fxg4+ Kh4 52. Rh6+ Kg5 53. Rh5+ Kf6 54. Kxg3 {Black resigns} 1-0

[Event "FICS rated blitz game"]
[Site "FICS freechess.org"]
[FICSGamesDBGameNo "20003005"]
[White "Carpo"]
[Black "anestis"]
[WhiteElo "1827"]
[BlackElo "1477"]
[WhiteRD "na"]
[BlackRD "na"]
[TimeControl "300+0"]
[Date "1999.10.24"]
[Time "16:05:00"]
[WhiteClock "0:05:00.000"]
[BlackClock "0:05:00.000"]
[ECO "C55"]
[PlyCount "23"]
[Result "1-0"]

1. e4 e5 2. Nf3 Nc6 3. Bc4 Nf6 4. d4 exd4 5. O-O Bc5 6. e5 d5 7. exf6 dxc4 8. Re1+ Be6 9. Ng5 Qd5 10. Nc3 dxc3 11. Qxd5 O-O 12. Qxc5 {Black resigns} 1-0

[Event "FICS rated blitz game"]
[Site "FICS freechess.org"]
[FICSGamesDBGameNo "20003004"]
[White "Polchess"]
[Black "Raph"]
[WhiteElo "1561"]
[BlackElo "1634"]
[WhiteRD "na"]
[BlackRD "na"]
[TimeControl "300+0"]
[Date "1999.10.24"]
[Time "15:42:00"]
[WhiteClock "0:05:00.000"]
[BlackClock "0:05:00.000"]
[ECO "A42"]
[PlyCount "86"]
[Result "0-1"]

1. d4 d6 2. c4 Nd7 3. Nf3 g6 4. e4 Bg7 5. Nc3 a6 6. Be2 c5 7. Be3 b6 8. O-O Ndf6 9. h3 Rb8 10. a4 Nd7 11. Qd2 h5 12. Ne1 Bb7 13. f4 Ngf6 14. Bf3 e5 15. dxe5 dxe5 16. f5 O-O 17. Nc2 Qe7 18. Rad1 Rbd8 19. Nd5 Nxd5 20. cxd5 Qd6 21. g4 Nf6 22. Bh6 hxg4 23. Bxg7 Kxg7 24. hxg4 Nh7 25. Kg2 g5 26. Rh1 Rh8 27. Rh2 f6 28. Rdh1 Qe7 29. Kg3 Rd6 30. Qg2 Bc8 31. Rh5 Bd7 32. Qh2 Kg8 33. b3 Be8 34. Rh3 Rd7 35. Ne3 Qg7 36. Be2 Ra7 37. Nc4 b5 38. Nd6 Bd7 39. axb5 axb5 40. Bxb5 Bxb5 41. Nxb5 Rb7 42. Qe2 Qd7 43. Nc3 Rxb3 {White forfeits on time} 0-1

[Event "FICS rated blitz game"]
[Site "FICS freechess.org"]
[FICSGamesDBGameNo "20003003"]
[White "cfcoen"]
[Black "ihusain"]
[WhiteElo "1499"]
[BlackElo "1645"]
[WhiteRD "na"]
[BlackRD "na"]
[TimeControl "300+0"]
[Date "1999.10.24"]
[Time "13:41:00"]
[WhiteClock "0:05:00.000"]
[BlackClock "0:05:00.000"]
[ECO "A46"]
[PlyCount "42"]
[Result "0-1"]

1. Nf3 e6 2. d4 Nf6 3. Bg5 Be7 4. Bxf6 Bxf6 5. e4 O-O 6. Bd3 c5 7. c3 cxd4 8. cxd4 Nc6 9. e5 Be7 10. O-O d6 11. Nc3 dxe5 12. dxe5 Qa5 13. Qc2 g6 14. a3 Nxe5 15. b4 Nxf3+ 16. gxf3 Qh5 17. Be4 Bd6 18. Rfd1 Bxh2+ 19. Kf1 f5 20. Bd3 Qxf3 21. Qe2 Qh1# {White checkmated} 0-1

[Event "FICS rated blitz game"]
[Site "FICS freechess.org"]
[FICSGamesDBGameNo "20003001"]
[White "blesf"]
[Black "bofunome"]
[WhiteElo "1729"]
[BlackElo "1816"]
[WhiteRD "na"]
[BlackRD "na"]
[TimeControl "180+0"]
[Date "1999.10.24"]
[Time "12:56:00"]
[WhiteClock "0:03:00.000"]
[BlackClock "0:03:00.000"]
[ECO "E44"]
[PlyCount "44"]
[Result "0-1"]

1. d4 Nf6 2. c4 e6 3. Nc3 Bb4 4. e3 b6 5. Ne2 Bb7 6. a3 Be7 7. d5 exd5 8. cxd5 O-O 9. b4 Re8 10. Nf4 Bd6 11. Nh5 Nxh5 12. Qxh5 Be5 13. Bb2 Bxd5 14. Bd3 g6 15. Qh3 Nc6 16. f4 Bd4 17. Nxd5 Bxb2 18. Rd1 Bg7 19. O-O d6 20. f5 Qg5 21. fxg6 fxg6 22. Nxc7 Rxe3 {White forfeits on time} 0-1

[Event "FICS rated lightning game"]
[Site "FICS freechess.org"]
[FICSGamesDBGameNo "20003000"]
[White "Buyer"]
[Black "thierry"]
[WhiteElo "1334"]
[BlackElo "1331"]
[WhiteRD "na"]
[BlackRD "na"]
[TimeControl "60+0"]
[Date "1999.10.24"]
[Time "11:38:00"]
[WhiteClock "0:01:00.000"]
[BlackClock "0:01:00.000"]
[ECO "C47"]
[PlyCount "52"]
[Result "1-0"]

1. e4 e5 2. Nf3 Nf6 3. Nc3 Nc6 4. g3 Bc5 5. Bg2 d6 6. d3 Bg4 7. Na4 Qd7 8. Nxc5 dxc5 9. h3 Bh5 10. O-O Nd4 11. Nxd4 Bxd1 12. Rxd1 cxd4 13. c3 h5 14. cxd4 Qxd4 15. Be3 Qxb2 16. h4 Ng4 17. Bf3 Nxe3 18. fxe3 Rd8 19. d4 exd4 20. Rxd4 Rxd4 21. exd4 Qxa1+ 22. Kh2 Qxd4 23. Kh3 O-O 24. a4 Rd8 25. Bxh5 Qxe4 26. Kh2 Rd2+ {Black forfeits on time} 1-0

[Event "FICS rated blitz game"]
[Site "FICS freechess.org"]
[FICSGamesDBGameNo "20002998"]
[White "gauss"]
[Black "Bloem"]
[WhiteElo "1960"]
[BlackElo "1537"]
[WhiteRD "na"]
[BlackRD "na"]
[TimeControl "180+0"]
[Date "1999.10.24"]
[Time "11:26:00"]
[WhiteClock "0:03:00.000"]
[BlackClock "0:03:00.000"]
[ECO "C05"]
[PlyCount "91"]
[Result "1-0"]

1. e4 e6 2. d4 d5 3. Nd2 Nf6 4. e5 Nfd7 5. Bd3 c5 6. c3 c4 7. Bb1 b5 8. a4 b4 9. Ne2 b3 10. O-O Nb6 11. f4 a5 12. Ng3 Bd7 13. f5 Be7 14. fxe6 Bxe6 15. Nh5 g6 16. Ng7+ Kd7 17. Nxe6 fxe6 18. Qg4 Rf8 19. Nf3 Nc6 20. Bh6 Rf7 21. h4 Bf8 22. Bg5 Be7 23. h5 Bxg5 24. Nxg5 Rf5 25. Bxf5 exf5 26. Qf4 Ne7 27. e6+ Kc6 28. Nf7 Qc7 29. Qxc7+ Kxc7 30. h6 Rf8 31. Rfe1 Nbc8 32. Ng5 Nd6 33. Re5 Ne4 34. Nxe4 fxe4 35. Rf1 Rxf1+ 36. Kxf1 Kd6 37. Kf2 Nc6 38. e7 Nxe7 39. Ke3 Nc6 40. Rg5 Ne7 41. Rg4 Nf5+ 42. Kd2 Ke6 43. Rf4 Kf6 44. Rf2 e3+ 45. Ke2 exf2 46. Kxf2 {Black forfeits on time} 1-0

[Event "FICS rated blitz game"]
[Site "FICS freechess.org"]
[FICSGamesDBGameNo "20002996"]
[White "aldair"]
[Black "mashooh"]
[WhiteElo "1680"]
[BlackElo "1643"]
[WhiteRD "na"]
[BlackRD "na"]
[TimeControl "180+0"]
[Date "1999.10.24"]
[Time "10:55:00"]
[WhiteClock "0:03:00.000"]
[BlackClock "0:03:00.000"]
[ECO "B21"]
[PlyCount "75"]
[Result "1-0"]

1. e4 c5 2. d4 cxd4 3. c3 Nc6 4. cxd4 Qb6 5. d5 Ne5 6. Nf3 Nxf3+ 7. Qxf3 d6 8. Bd3 Nf6 9. O-O Bg4 10. Qe3 Qc7 11. Nc3 g6 12. Nb5 Qa5 13. Bd2 Qd8 14. Rac1 Rc8 15. Rxc8 Qxc8 16. Rc1 Qd8 17. Nc7+ Kd7 18. Bb5+ Kc8 19. Ne6+ Kb8 20. Nxd8 Bg7 21. Nxf7 Rf8 22. Ng5 Bh6 23. Qc3 a6 24. Qc7+ Ka7 25. Be3+ Ka8 26. Qc8+ Bxc8 27. Ba4 Bxg5 28. Bxg5 Nxe4 29. Bxe7 Re8 30. Bh4 Nc5 31. Bxe8 Ka7 32. b4 Bd7 33. Bxg6 Na4 34. Bxh7 Nb2 35. f4 Bb5 36. Bf2+ Kb8 37. f5 Nd3 38. Rb1 {Black resigns} 1-0

[Event "FICS rated blitz game"]
[Site "FICS freechess.org"]
[FICSGamesDBGameNo "20002995"]
[White "Sentman"]
[Black "MercurySun"]
[WhiteElo "1989"]
[BlackElo "1679"]
[WhiteRD "na"]
[BlackRD "na"]
[TimeControl "180+0"]
[Date "1999.10.24"]
[Time "10:40:00"]
[WhiteClock "0:03:00.000"]
[BlackClock "0:03:00.000"]
[ECO "D20"]
[PlyCount "75"]
[Result "1-0"]

1. d4 d5 2. c4 dxc4 3. e4 e5 4. d5 Nf6 5. Nc3 Bc5 6. h3 O-O 7. Bxc4 c6 8. Bg5 Nbd7 9. Nf3 Qb6 10. Qe2 cxd5 11. Bxd5 Nxd5 12. Nxd5 Qa5+ 13. Bd2 Qd8 14. Bc3 f6 15. Rd1 b6 16. O-O Bb7 17. Rd2 Qc8 18. Rfd1 a5 19. Nh4 Kh8 20. Qh5 Qe8 21. Qxe8 Raxe8 22. Nc7 Nb8 23. Nxe8 Rxe8 24. Rd8 Bc6 25. Rxe8+ Bxe8 26. Rd8 Kg8 27. Rxe8+ Kf7 28. Rxb8 g6 29. Rb7+ Kg8 30. Kf1 Kf8 31. f3 Kg8 32. Bd2 Bd4 33. Bh6 Bxb2 34. g4 Bd4 35. Ng2 Bc5 36. Ne1 Bd4 37. Nd3 Bc5 38. f4 {Black forfeits on time} 1-0

[Event "FICS rated blitz game"]
[Site "FICS freechess.org"]
[FICSGamesDBGameNo "20002994"]
[White "sts"]
[Black "adal"]
[WhiteElo "1619"]
[BlackElo "1708"]
[WhiteRD "na"]
[BlackRD "na"]
[TimeControl "180+0"]
[Date "1999.10.24"]
[Time "09:01:00"]
[WhiteClock "0:03:00.000"]
[BlackClock "0:03:00.000"]
[ECO "A18"]
[PlyCount "139"]
[Result "1-0"]

1. c4 e6 2. Nc3 Nf6 3. e4 d5 4. e5 Nfd7 5. d4 c6 6. Nf3 Qa5 7. Bd2 Bb4 8. Be2 Nb6 9. c5 Nc4 10. a3 Nxd2 11. Qxd2 Bxc3 12. Qxc3 Qxc3+ 13. bxc3 b5 14. cxb6 axb6 15. O-O Ba6 16. Rfe1 Bxe2 17. Rxe2 b5 18. Rb2 Nd7 19. Rba2 Nb6 20. Nd2 O-O 21. Nb3 Ra7 22. Nc5 Na4 23. Nxa4 Rxa4 24. Rb1 Rfa8 25. Rb3 Kf8 26. Kf1 Ke7 27. Ke2 f6 28. exf6+ gxf6 29. Kd3 Kd6 30. Kc2 c5 31. Rxb5 cxd4 32. cxd4 Rxa3 33. Rb6+ Kc7 34. Rxa3 Rxa3 35. Rxe6 Ra4 36. Kd3 Ra3+ 37. Ke2 Ra4 38. Rxf6 Rxd4 39. Rf7+ Kc6 40. Rxh7 Re4+ 41. Kd3 Re6 42. Rh5 Kd6 43. f4 Rg6 44. g3 Kc5 45. f5 Ra6 46. g4 Ra3+ 47. Kd2 Kd4 48. f6 Ra2+ 49. Kd1 Ra1+ 50. Ke2 Ra2+ 51. Kf3 Ra3+ 52. Kf4 Ra1 53. g5 Rf1+ 54. Kg4 Rg1+ 55. Kf5 Rf1+ 56. Kg6 Ke4 57. f7 d4 58. Rh8 d3 59. f8=Q Rxf8 60. Rxf8 d2 61. Rd8 Ke3 62. Rxd2 Kxd2 63. h4 Ke3 64. h5 Ke4 65. h6 Kd5 66. h7 Ke4 67. h8=Q Kd5 68. Qg8+ Ke4 69. Qf7 Kd3 70. Kh6 {Black forfeits on time} 1-0

[Event "FICS rated blitz game"]
[Site "FICS freechess.org"]
[FICSGamesDBGameNo "20002993"]
[White "TheHorseman"]
[Black "titanicOne"]
[WhiteElo "1451"]
[BlackElo "1432"]
[WhiteRD "na"]
[BlackRD "na"]
[TimeControl "300+0"]
[Date "1999.10.24"]
[Time "08:26:00"]
[WhiteClock "0:05:00.000"]
[BlackClock "0:05:00.000"]
[ECO "E76"]
[PlyCount "130"]
[Result "1/2-1/2"]

1. d4 Nf6 2. c4 g6 3. Nc3 Bg7 4. e4 d6 5. f4 Bg4 6. Qd3 O-O 7. Nf3 Bxf3 8. Qxf3 Nc6 9. Be3 Nb4 10. Qe2 a5 11. a3 Nc6 12. Qf3 e6 13. Bd3 Ne7 14. O-O b6 15. Rad1 c5 16. d5 exd5 17. exd5 Re8 18. Rd2 Qd7 19. Ne4 Nxe4 20. Bxe4 Nf5 21. Bxf5 Qxf5 22. Re2 Qe4 23. Qxe4 Rxe4 24. Rfe1 Rae8 25. b3 Bd4 26. Kf2 Bxe3+ 27. Rxe3 Rxf4+ 28. Kg1 Rxe3 29. Rxe3 Kf8 30. g3 Rf5 31. Kg2 f6 32. h3 Re5 33. Kf3 Rxe3+ 34. Kxe3 Kf7 35. Kf4 h6 36. h4 f5 37. g4 Kf6 38. gxf5 gxf5 39. h5 Kg7 40. Kxf5 Kf7 41. Kf4 Kf6 42. Kg4 Ke5 43. Kf3 Kf5 44. Kg3 Kg5 45. Kh3 Kxh5 46. Kg3 Kg5 47. Kh3 Kf5 48. Kh4 Kg6 49. Kg4 h5+ 50. Kh4 Kh6 51. Kh3 Kg5 52. Kg3 h4+ 53. Kh3 Kf4 54. Kxh4 Ke3 55. Kg5 Kd3 56. Kf5 Kc3 57. Ke6 Kxb3 58. Kxd6 Kxa3 59. Kc6 b5 60. d6 bxc4 61. d7 c3 62. d8=Q c2 63. Qxa5+ Kb2 64. Qxc5 c1=Q 65. Qxc1+ Kxc1 {Neither player has mating material} 1/2-1/2

[Event "FICS rated blitz game"]
[Site "FICS freechess.org"]
[FICSGamesDBGameNo "20002991"]
[White "Tasky"]
[Black "Harrier"]
[WhiteElo "1414"]
[BlackElo "1322"]
[WhiteRD "na"]
[BlackRD "na"]
[TimeControl "120+12"]
[Date "1999.10.24"]
[Time "07:58:00"]
[WhiteClock "0:02:00.000"]
[BlackClock "0:02:00.000"]
[ECO "C66"]
[PlyCount "93"]
[Result "1-0"]

1. e4 e5 2. Nf3 Nc6 3. Bb5 Nf6 4. O-O d6 5. d4 exd4 6. Qxd4 Bd7 7. Bxc6 Bxc6 8. Bg5 Be7 9. Re1 O-O 10. Nbd2 h6 11. Bh4 Re8 12. e5 dxe5 13. Rxe5 Bxf3 14. Nxf3 Qxd4 15. Nxd4 Rad8 16. Bxf6 Bxf6 17. Rxe8+ Rxe8 18. Nb5 Bxb2 19. Rb1 c6 20. f3 a6 21. Rxb2 cxb5 22. Kf2 g5 23. a4 Re5 24. axb5 Rxb5 25. Rxb5 axb5 26. Ke3 Kg7 27. Kd4 Kf6 28. Kc5 Ke5 29. Kxb5 Kd4 30. c4 f5 31. c5 Kd5 32. g3 h5 33. h3 g4 34. hxg4 hxg4 35. f4 Ke6 36. Kc4 Kd7 37. Kd5 Kc7 38. Ke5 Kc6 39. Kxf5 Kxc5 40. Ke6 b5 41. f5 b4 42. f6 b3 43. f7 b2 44. f8=Q+ Kc4 45. Qf1+ Kc3 46. Qb1 Kb3 47. Kd5 {Black resigns} 1-0

[Event "FICS rated lightning game"]
[Site "FICS freechess.org"]
[FICSGamesDBGameNo "20002990"]
[White "Ulisse"]
[Black "LadyPomoroy"]
[WhiteElo "1819"]
[BlackElo "1640"]
[WhiteRD "na"]
[BlackRD "na"]
[TimeControl "60+0"]
[Date "1999.10.24"]
[Time "07:43:00"]
[WhiteClock "0:01:00.000"]
[BlackClock "0:01:00.000"]
[ECO "A40"]
[PlyCount "87"]
[Result "1-0"]

1. d4 c6 2. Nf3 d6 3. Nc3 Nf6 4. e4 Nbd7 5. Bg5 e5 6. Be2 Qc7 7. O-O Be7 8. Qd2 O-O 9. Rad1 a5 10. Rfe1 Re8 11. a4 Nf8 12. dxe5 dxe5 13. h3 Ng6 14. Bxf6 Bxf6 15. Bc4 Nf4 16. Qe3 Be6 17. Bxe6 Rxe6 18. Ne2 Nxe2+ 19. Rxe2 Rd6 20. Red2 Rxd2 21. Qxd2 Kf8 22. Qd7 Rc8 23. Qxc7 Rxc7 24. Kf1 h6 25. Ke2 Ke7 26. Nd2 g6 27. Nc4 b5 28. Nxa5 bxa4 29. Ra1 c5 30. Rxa4 Bg5 31. c3 Kd7 32. Nc4 Be7 33. Nxe5+ Ke6 34. Nc4 Rb7 35. Ra6+ Kd7 36. f4 Bd8 37. e5 Be7 38. Kd3 Kc7 39. Ra5 Kc6 40. Ra8 Kc7 41. g4 Kc6 42. f5 Kc7 43. f6 Bd8 44. h4 {Black forfeits on time} 1-0

[Event "FICS rated lightning game"]
[Site "FICS freechess.org"]
[FICSGamesDBGameNo "20002989"]
[White "muffin"]
[Black "Karlitos"]
[WhiteElo "1997"]
[BlackElo "2395"]
[WhiteRD "na"]
[BlackRD "na"]
[TimeControl "60+0"]
[Date "1999.10.24"]
[Time "06:51:00"]
[WhiteClock "0:01:00.000"]
[BlackClock "0:01:00.000"]
[ECO "D02"]
[PlyCount "78"]
[Result "0-1"]

1. d4 d5 2. Nf3 Bf5 3. e3 e6 4. Nc3 Bg6 5. Be2 Nf6 6. O-O Be4 7. Nd2 Bg6 8. f3 Be7 9. Qe1 c6 10. Nd1 O-O 11. c3 Nbd7 12. b3 c5 13. Bb2 cxd4 14. exd4 Qa5 15. Nf2 Ba3 16. Bxa3 Qxa3 17. Nd3 Qa5 18. b4 Qc7 19. Nc5 Nxc5 20. bxc5 b6 21. cxb6 axb6 22. Rc1 Rxa2 23. Nb3 Rb2 24. Na1 Ra8 25. f4 Raa2 26. Bf3 Ne4 27. Qh4 h6 28. Nc2 Rxc2 29. Rxc2 Rxc2 30. Qh3 Nd2 31. Bd1 Nxf1 32. Bxc2 Bxc2 33. Kxf1 Bf5 34. Qh4 Qxc3 35. Qd8+ Kh7 36. Qe7 Qd3+ 37. Kf2 Qxd4+ 38. Ke1 Qe3+ 39. Kf1 Qxf4+ {White resigns} 0-1

[Event "FICS rated blitz game"]
[Site "FICS freechess.org"]
[FICSGamesDBGameNo "20002988"]
[White "petrica"]
[Black "kedzier"]
[WhiteElo "1649"]
[BlackElo "1799"]
[WhiteRD "na"]
[BlackRD "na"]
[TimeControl "240+0"]
[Date "1999.10.24"]
[Time "06:02:00"]
[WhiteClock "0:04:00.000"]
[BlackClock "0:04:00.000"]
[ECO "E61"]
[PlyCount "105"]
[Result "1-0"]

1. d4 Nf6 2. c4 g6 3. Nc3 Bg7 4. e3 O-O 5. Nf3 d6 6. Be2 c5 7. d5 e5 8. e4 Nh5 9. Ng5 Nf4 10. Bxf4 exf4 11. Nf3 f5 12. Qd2 Qa5 13. O-O fxe4 14. Nxe4 Qxd2 15. Nexd2 Bxb2 16. Rab1 Bg7 17. Ne4 Bf5 18. Bd3 Bxe4 19. Bxe4 b6 20. Ng5 Nd7 21. Ne6 Rf7 22. Rfe1 Ne5 23. Ng5 Re7 24. Rbc1 Rae8 25. Ne6 Nd7 26. f3 Nf8 27. Nxf4 Bh6 28. g3 Bxf4 29. gxf4 Kg7 30. Kf2 Nd7 31. Re2 Nf6 32. Rce1 Nh5 33. Ke3 Kf6 34. Rg1 Ng7 35. Kd3 Nf5 36. Rg5 Nd4 37. Rf2 a6 38. a4 Rb7 39. h4 b5 40. cxb5 axb5 41. Rb2 b4 42. Rg4 Ra7 43. Ra2 Rea8 44. h5 gxh5 45. Rh4 Rxa4 46. Rxa4 Rxa4 47. Rxh5 Ra7 48. Rxh7 Rxh7 49. Bxh7 Nxf3 50. Be4 Nd4 51. Kc4 b3 52. Kc3 Nb5+ 53. Kc4 {Black forfeits on time} 1-0

[Event "FICS rated blitz game"]
[Site "FICS freechess.org"]
[FICSGamesDBGameNo "20002985"]
[White "sexygrl"]
[Black "imhotep"]
[WhiteElo "1297"]
[BlackElo "1334"]
[WhiteRD "na"]
[BlackRD "na"]
[TimeControl "300+12"]
[Date "1999.10.23"]
[Time "22:05:00"]
[WhiteClock "0:05:00.000"]
[BlackClock "0:05:00.000"]
[ECO "D00"]
[PlyCount "54"]
[Result "0-1"]

1. d4 d5 2. e3 Nf6 3. Bd3 c5 4. c3 Nc6 5. Nd2 cxd4 6. cxd4 e6 7. f4 Be7 8. Ngf3 Ng4 9. Qe2 Bh4+ 10. g3 Be7 11. Ne5 Ngxe5 12. fxe5 f5 13. exf6 Bxf6 14. Qh5+ Kd7 15. O-O g6 16. Qg4 Kc7 17. Qf4+ e5 18. dxe5 Bxe5 19. Qa4 Rf8 20. Rxf8 Qxf8 21. b3 Bxa1 22. Ba3 Qe8 23. Qf4+ Be5 24. Qh4 Qf7 25. e4 Bd4+ 26. Kg2 Qf2+ 27. Kh1 Qg1# {White checkmated} 0-1

[Event "FICS rated blitz game"]
[Site "FICS freechess.org"]
[FICSGamesDBGameNo "20002984"]
[White "blt"]
[Black "zumbione"]
[WhiteElo "1509"]
[BlackElo "1777"]
[WhiteRD "na"]
[BlackRD "na"]
[TimeControl "300+0"]
[Date "1999.10.23"]
[Time "21:17:00"]
[WhiteClock "0:05:00.000"]
[BlackClock "0:05:00.000"]
[ECO "A31"]
[PlyCount "138"]
[Result "0-1"]

1. d4 Nf6 2. c4 c5 3. Nf3 cxd4 4. Qxd4 Nc6 5. Qh4 g6 6. e3 Bg7 7. Nc3 d6 8. Bd3 Bg4 9. Be2 O-O 10. O-O Rc8 11. a3 a6 12. Bd2 Qc7 13. Rac1 Qb6 14. b4 Bxf3 15. Bxf3 Ne5 16. Bd5 e6 17. Na4 Qc7 18. Be4 Nxc4 19. Bd3 b5 20. Nb2 d5 21. e4 Nxe4 22. Nxc4 bxc4 23. Bxe4 dxe4 24. Qxe4 Qc6 25. Qxc6 Rxc6 26. Bg5 c3 27. Be7 Rfc8 28. Bc5 a5 29. Rfd1 axb4 30. axb4 Bf8 31. Rxc3 Bxc5 32. bxc5 Rxc5 33. Rxc5 Rxc5 34. Kf1 Rc2 35. g3 Kg7 36. Kg2 h5 37. h4 Kf6 38. Rd3 e5 39. Rf3+ Ke6 40. Re3 f5 41. Kf3 Kd5 42. Rd3+ Ke6 43. Ra3 e4+ 44. Ke3 Rc6 45. Ra5 Rc3+ 46. Kf4 Rf3+ 47. Kg5 Rxf2 48. Kxg6 e3 49. Kxh5 e2 50. Ra8 Kd5 51. Rd8+ Ke4 52. Re8+ Kf3 53. Kg5 Kxg3 54. h5 f4 55. h6 f3 56. h7 Rh2 57. Kg6 Kf2 58. Kg7 e1=Q 59. Rxe1 Kxe1 60. h8=Q Rxh8 61. Kxh8 f2 62. Kg7 f1=Q 63. Kg6 Qf4 64. Kh5 Qg3 65. Kh6 Ke2 66. Kh5 Ke3 67. Kh6 Kf4 68. Kh7 Kf5 69. Kh8 Kf6 {White resigns} 0-1

[Event "FICS rated blitz game"]
[Site "FICS freechess.org"]
[FICSGamesDBGameNo "20002982"]
[White "ARF"]
[Black "emran"]
[WhiteElo "1191"]
[BlackElo "1108"]
[WhiteRD "na"]
[BlackRD "na"]
[TimeControl "300+0"]
[Date "1999.10.23"]
[Time "20:18:00"]
[WhiteClock "0:05:00.000"]
[BlackClock "0:05:00.000"]
[ECO "C41"]
[PlyCount "76"]
[Result "0-1"]

1. e4 e5 2. Nf3 d6 3. h3 Nf6 4. d3 Nc6 5. Be3 Be6 6. Nc3 Be7 7. Be2 O-O 8. O-O d5 9. exd5 Bxd5 10. Nd2 e4 11. f3 exf3 12. Bxf3 Bxf3 13. Rxf3 Ne5 14. Rf1 Nh5 15. Qxh5 Qd6 16. Nce4 g6 17. Qe2 f5 18. Nxd6 Bxd6 19. Bf4 Rae8 20. Qd1 g5 21. Bxg5 Be7 22. Bf4 Bc5+ 23. Kh2 Kg7 24. Qh5 Ng6 25. Qh6+ Kg8 26. Nc4 Nxf4 27. Rxf4 b5 28. Qg5+ Kh8 29. Na5 Bd6 30. g3 Bxf4 31. Qxf4 Re2+ 32. Kh1 Rfe8 33. Qd4+ Kg8 34. Qd5+ Kg7 35. Rg1 Rf2 36. Qd7+ Kf8 37. Nc6 Ree2 38. Qd5 Rh2# {White checkmated} 0-1

[Event "FICS rated blitz game"]
[Site "FICS freechess.org"]
[FICSGamesDBGameNo "20002981"]
[White "yjohn"]
[Black "Tulio"]
[WhiteElo "1368"]
[BlackElo "1422"]
[WhiteRD "na"]
[BlackRD "na"]
[TimeControl "180+0"]
[Date "1999.10.23"]
[Time "20:16:00"]
[WhiteClock "0:03:00.000"]
[BlackClock "0:03:00.000"]
[ECO "C11"]
[PlyCount "91"]
[Result "1-0"]

1. d4 e6 2. e4 Nf6 3. Nc3 d5 4. e5 Nfd7 5. Nf3 f6 6. exf6 Nxf6 7. Bg5 h6 8. Bh4 g5 9. Bg3 Bd6 10. Bxd6 Qxd6 11. Nb5 Qd7 12. Ne5 Qe7 13. Ng6 Qg7 14. Nxh8 Qxh8 15. Nxc7+ Kd7 16. Nxa8 Nc6 17. Bb5 a6 18. Bxc6+ Kxc6 19. c3 Bd7 20. Qa4+ Kd6 21. Qb4+ Kc6 22. Nb6 Qd8 23. Nxd7 Kxd7 24. Qxb7+ Qc7 25. Qxc7+ Kxc7 26. O-O Kd6 27. Rfe1 a5 28. Re5 Ne4 29. Re1 a4 30. Rxe6+ Kxe6 31. f3 Kf5 32. fxe4+ dxe4 33. d5 Ke5 34. d6 Kxd6 35. Rxe4 Kd5 36. Rxa4 Kc5 37. Rb4 Kd5 38. a4 Kc5 39. a5 Kd5 40. a6 Kc6 41. a7 Kd5 42. a8=Q+ Ke6 43. Qa5 Kf6 44. Rb6+ Kg7 45. Qa7+ Kf8 46. Rb8# {Black checkmated} 1-0

[Event "FICS rated blitz game"]
[Site "FICS freechess.org"]
[FICSGamesDBGameNo "20002980"]
[White "Lerxt"]
[Black "Tominabok"]
[WhiteElo "1390"]
[BlackElo "1488"]
[WhiteRD "na"]
[BlackRD "na"]
[TimeControl "300+0"]
[Date "1999.10.23"]
[Time "17:48:00"]
[WhiteClock "0:05:00.000"]
[BlackClock "0:05:00.000"]
[ECO "A56"]
[PlyCount "64"]
[Result "0-1"]

1. c4 Nf6 2. d4 c5 3. dxc5 Nc6 4. Nc3 e6 5. Be3 Qa5 6. Nf3 Bxc5 7. Bxc5 Qxc5 8. g3 Qxc4 9. e3 Qc5 10. Be2 O-O 11. O-O d5 12. Qc2 Ne4 13. Rad1 b5 14. Qb3 a6 15. Nd4 Nxd4 16. exd4 Qa7 17. Bf3 Nxc3 18. bxc3 Bb7 19. Qc2 Rac8 20. Rc1 b4 21. Qd2 bxc3 22. Rxc3 Rc6 23. Rd3 Rfc8 24. Qf4 a5 25. Bh5 Ba6 26. Rb3 Bxf1 27. Kxf1 Rc1+ 28. Kg2 g6 29. Be2 R1c2 30. Bd3 Rxa2 31. Rb5 Ra4 32. Rc5 Qxc5 {White resigns} 0-1

[Event "FICS rated blitz game"]
[Site "FICS freechess.org"]
[FICSGamesDBGameNo "20002979"]
[White "Tominabok"]
[Black "simpson"]
[WhiteElo "1491"]
[BlackElo "1647"]
[WhiteRD "na"]
[BlackRD "na"]
[TimeControl "180+0"]
[Date "1999.10.23"]
[Time "17:34:00"]
[WhiteClock "0:03:00.000"]
[BlackClock "0:03:00.000"]
[ECO "A16"]
[PlyCount "80"]
[Result "1/2-1/2"]

1. c4 Nf6 2. Nc3 g6 3. Nf3 Bg7 4. g3 d6 5. Bg2 O-O 6. O-O e5 7. d4 exd4 8. Nxd4 Bg4 9. f3 Bd7 10. e4 Nc6 11. Re1 Re8 12. Nxc6 Bxc6 13. Nd5 Nxd5 14. cxd5 Bb5 15. Rb1 Qf6 16. b3 Qd4+ 17. Qxd4 Bxd4+ 18. Kh1 f5 19. Bb2 Bxb2 20. Rxb2 fxe4 21. fxe4 Rf8 22. Rc2 c5 23. dxc6 Bxc6 24. Kg1 Rf6 25. Rd2 Raf8 26. Red1 Bb5 27. Rxd6 Rf2 28. a4 Bc6 29. e5 Rb2 30. Bxc6 bxc6 31. Rxc6 Rff2 32. e6 Rg2+ 33. Kh1 Rxh2+ 34. Kg1 Rbg2+ 35. Kf1 Rf2+ 36. Kg1 Rhg2+ 37. Kh1 Rh2+ 38. Kg1 Rhg2+ 39. Kh1 Rh2+ 40. Kg1 Rfg2+ {Game drawn by repetition} 1/2-1/2

[Event "FICS rated blitz game"]
[Site "FICS freechess.org"]
[FICSGamesDBGameNo "20002978"]
[White "battaille"]
[Black "saraajogadora"]
[WhiteElo "1317"]
[BlackElo "1231"]
[WhiteRD "na"]
[BlackRD "na"]
[TimeControl "120+12"]
[Date "1999.10.23"]
[Time "17:23:00"]
[WhiteClock "0:02:00.000"]
[BlackClock "0:02:00.000"]
[ECO "C00"]
[PlyCount "89"]
[Result "1-0"]

1. e4 e6 2. Nc3 d5 3. exd5 exd5 4. d4 c5 5. Nf3 cxd4 6. Nxd4 Nc6 7. Be2 Bc5 8. Be3 Qb6 9. Nxd5 Qxb2 10. Nc7+ Kd8 11. Nxa8 Bxd4 12. Bxd4 Nxd4 13. O-O Bd7 14. c3 Qxe2 15. cxd4 Qxd1 16. Rfxd1 Ne7 17. Rdc1 Bc6 18. a4 Kd7 19. Nb6+ axb6 20. Rcb1 Kc7 21. a5 bxa5 22. Rxa5 Nd5 23. f3 Re8 24. Kf2 f5 25. h3 h5 26. Rba1 Rf8 27. Ra8 Rf7 28. Re1 b5 29. Ra7+ Bb7 30. Rb1 Kb6 31. Ra2 Nc3 32. Rab2 Nxb1 33. Rxb1 g5 34. Rd1 Rd7 35. g4 fxg4 36. hxg4 hxg4 37. fxg4 Rf7+ 38. Ke3 Rf3+ 39. Ke2 Rf4 40. d5 Rxg4 41. d6 Rf4 42. d7 Bf3+ 43. Ke3 Bxd1 44. d8=Q+ Kc5 45. Qxg5+ {Black resigns} 1-0